AoeStats
← Horizon

Arabian Desert

509622501Analyzed
1v1 RM · 4d ago on Sep 27, 2026· 43m 0s· 2 players
Game mode
Random Map
Map size
Tiny (2 player)
Population
200
Speed
Normal
Resources
Standard
Victory
Conquest
Starting age
Dark Age
Ending age
Imperial Age
RankedLock teamsTeams togetherTeam positionsShared explorationLock speedFull tech treeHidden civsTurbo modeCheats
Victory
Defeat
🇸🇪 Malians · Sweden
1459
+16
🇵🇰 Malians · Pakistan
1454
-16
Horizon
6:43 Loom
9:45 Feudal Age
10:21 Man-at-Arms
14:47 Scale Mail Armor
15:08 Fletching
17:40 Town Watch
20:07 Wheelbarrow
19:23 Double-Bit Axe
19:19 Horse Collar
23:11 Castle Age
21:50 Stone Mining
22:03 Gold Mining
25:46 Bow Saw
29:58 Town Watch
32:05 Elite Skirmisher
32:42 Bodkin Arrow
32:48 Padded Archer Armor
33:25 Heavy Plow
34:23 Leather Archer Armor
34:53 Ballistics
40:48 Imperial Age
42:35 Chemistry
42:08 Ring Archer Armor
42:45 Conscription
42:30 Pikeman
Anden
6:30 Loom
9:17 Feudal Age
12:59 Double-Bit Axe
14:18 Fletching
20:56 Castle Age
22:56 Scale Barding Armor
23:34 Bow Saw
23:05 Horse Collar
26:07 Bodkin Arrow
27:35 Crossbowman
29:54 Town Watch
31:12 Ballistics
39:41 Imperial Age
39:19 Wheelbarrow
40:22 Arbalester
42:10 Chemistry
41:36 Heavy Plow
41:28 Gold Mining
42:33 Cavalier
43:24 Bloodlines
42:44 Heavy Camel Rider
43:25 Husbandry
Connection lost

Rejoining the realm…

Still unreachable

The connection could not be restored.

Session expired

The server has moved on; the page needs a fresh start.